 Dungeon Crawl Stone Soup version 0.32-a0-329-ge6c31236d6 (webtiles) character file.

Game seed: 16741750035175466108

394 freelancePsychic the Trooper (level 6, 0/73 HPs)
             Began as a Demonspawn Berserker on Feb 16, 2024.
             Was a Believer of Trog.
             Slain by an orc wizard
             ... wielding a +0 dagger
              (3 damage)
             ... on level 3 of the Dungeon.
             The game lasted 00:03:06 (2069 turns).

freelancePsychic the Trooper (Demonspawn Berserker) Turns: 2069, Time: 00:03:06

Health: 0/73       AC:  2    Str: 17    XL:     6   Next: 52%
Magic:  6/6        EV: 12    Int:  7    God:    Trog [**....]
Gold:   122        SH:  0    Dex: 17    Spells: 5/5 levels left

rFire   . . .        t - +2 hand axe (flame)
rCold   . . .        (no shield)
rNeg    . . .        b - +0 animal skin
rPois   .            (no helmet)
rElec   .            (no cloak)
rCorr   .            (no gloves)
SInv    .            (no boots)
Will    .....        (no amulet) Stlth
                     (no ring)
HPRegen 0.32/turn    (no ring)
MPRegen 0.10/turn

%: no passive effects
@: berserking, very quick
A: thin skeletal structure 1, spiny 1, weakness stinger 2
a: Renounce Religion, Berserk, Trog's Hand


You were on level 3 of the Dungeon.
You worshipped Trog.
Trog was pleased with you.
You visited 1 branch of the dungeon, and saw 3 of its levels.

You collected 122 gold pieces.

Inventory:

Hand Weapons
 a - a +0 spear
 l - a +4 dagger
 t - a +2 hand axe of flaming (weapon)
Armour
 b - a +0 animal skin (worn)
 m - a +0 chain mail of willpower
Jewellery
 h - a ring of magical power
 n - a ring of fire
 v - an amulet of magic regeneration
Scrolls
 c - 2 scrolls of immolation {unknown}
 e - 2 scrolls of fog {unknown}
 g - 3 scrolls of identify {unknown}
 o - a scroll of vulnerability {unknown}
 p - a scroll of silence {unknown}
 q - a scroll of amnesia {unknown}
 u - 2 scrolls of fear {unknown}
Potions
 d - 2 potions of mutation {unknown}
 f - 4 potions of heal wounds {unknown}
 i - a potion of cancellation {unknown}
 j - a potion of berserk rage {unknown}
 k - a potion of haste {unknown}
 r - a potion of magic {unknown}
 s - a potion of lignification {unknown}
 w - a potion of ambrosia {unknown}


   Skills:
 + Level 4.4 Fighting
 - Level 0.9 Short Blades
 * Level 2.8(3.8) Axes
 - Level 3.8(4.3) Polearms
 - Level 1.7 Armour
 - Level 1.7 Dodging
 + Level 3.1 Stealth


You had 5 spell levels left.
You didn't know any spells.
Your spell library was empty.

Dungeon Overview and Level Annotations

Branches:
Dungeon (3/15)

Altars:
Cheibriados


Innate Abilities, Weirdness & Mutations

You have a somewhat thin skeletal structure. (Dex +2, Stealth+)
You are partially covered in sharp spines.
You have a tail ending in a sharp stinger.


Message History

You hit the orc. You burn the orc. You barely miss the orc.
The orc hits you with a +0 short sword.
An orc wizard comes into view. It is wielding a +0 dagger.
The orc priest mumbles some strange prayers to Beogh against you.
Pain shoots through your body! The orc is struck by your spines.
You kill the orc!
Trog accepts your kill.
You barely miss the orc priest.
The orc priest is almost dead.
The orc wizard shouts!
You hit the orc. You burn the orc.
You kill the orc!
Trog accepts your kill. The orc priest hits you with a +0 club.
You barely miss the orc priest. You tail-slap the orc priest.
The orc priest is almost dead.
You closely miss the rat.
The orc priest calls down the wrath of Beogh upon you.
Beogh smites you!
* * * LOW HITPOINT WARNING * * *
The rat is struck by your spines.
You kill the rat!
Trog accepts your kill.
A red film seems to cover your vision as you go berserk!
You feel yourself moving faster!
You feel mighty! The orc priest misses you.
You hit the orc priest. You burn the orc priest.
You kill the orc priest!
Trog accepts your kill.
You miss the orc wizard.
The orc wizard hits you with a +0 dagger.
* * * LOW HITPOINT WARNING * * *
You barely miss the orc wizard. You slash the orc wizard!
You burn the orc wizard.
Your tail-slap misses the orc wizard.
The orc wizard is almost dead.
The orc wizard barely misses you.
You closely miss the orc wizard.
Your tail-slap misses the orc wizard.
The orc wizard is almost dead.
The orc wizard hits you with a +0 dagger.
You die...

. ###.# .. ..#.# ... ....#
.... ...# ....####...##
#....o.....#.#
#.#.)@....#.#
#.##...$.....#.#
#.####...###.#.#####
####+###.# #...#.........#
#.....##.# #..)..........#
#.....##.####.#.#.........#
#........#....).#.........#
##)......#....)<..........#
#..#'#...#...).###........#


You could see an orc wizard.

Vanquished Creatures
  An ogre (D:3)
  A wight (D:3)
  A hound (D:3)
  An orc priest (D:3)
  Jessica (D:2)
  Terence (D:2)
  3 adders
  A white imp (D:3)
  2 dart slugs (D:1)
  6 orcs
  4 endoplasms
  2 giant cockroaches
  7 goblins (D:1)
  2 hobgoblins (D:2)
  4 jackals (D:1)
  6 kobolds
  2 quokkas
  6 ball pythons
  2 bats
  4 frilled lizards
  5 rats
62 creatures vanquished.

Notes
Turn   | Place    | Note
-------+----------+-------------------------------------------
     0 | D:1      | freelancePsychic the Demonspawn Berserker began the quest
                  | for the Orb.
     0 | D:1      | Reached XP level 1. HP: 18/18 MP: 1/1
    79 | D:1      | Gained mutation: You are partially covered in sharp spines.
                  | [demonic ancestry]
    79 | D:1      | Reached XP level 2. HP: 24/24 MP: 2/2
   145 | D:1      | Reached skill level 1 in Stealth
   187 | D:1      | Gained mutation: You have a somewhat thin skeletal
                  | structure. (Dex +2, Stealth+) [demonic ancestry]
   187 | D:1      | Reached XP level 3. HP: 29/29 MP: 3/3
   735 | D:2      | Noticed Terence
   781 | D:2      | Killed Terence
   782 | D:2      | Gained mutation: You have a small tail. [demonic ancestry]
   782 | D:2      | Reached XP level 4. HP: 29/35 MP: 4/4
   945 | D:2      | Noticed Jessica
   948 | D:2      | Killed Jessica
  1599 | D:2      | Reached XP level 5. HP: 32/42 MP: 5/5
  1757 | D:3      | Reached skill level 1 in Axes
  1791 | D:3      | Reached ** piety under Trog
  1796 | D:3      | Reached skill level 4 in Fighting
  1837 | D:3      | Noticed an ogre
  1858 | D:3      | Killed an ogre
  1859 | D:3      | Gained mutation: You have a tail ending in a sharp stinger.
                  | [demonic ancestry]
  1859 | D:3      | Reached XP level 6. HP: 48/48 MP: 6/6
  2035 | D:3      | Found a snail-covered altar of Cheibriados.
  2066 | D:3      | HP: 2/73 [orc wizard/+0 dagger (3)]
  2069 | D:3      | Slain by an orc wizard

Illustrated notes

Levels and vault maps discovered:
D:1:      grunt_arrival_lava_bath, layout_basic, st_stairs_1
D:2:      layout_loops_ring, minmay_misc_feat_ornament,
          minmay_misc_feat_encased, uniq_terence, uniq_jessica
D:3:      layout_basic, cheibriados_altar_1,
          mainiacjoe_overflow_concentric_impassable, minmay_divided_ellipse

Skill      XL: |  1  2  3  4  5  6 |
---------------+-------------------+-----
Polearms       | 3 |  3.8
Stealth        | 1 2 3 |  3.1
Axes           | 2 |  2.8
Fighting       | 4 |  4.4
Short Blades   | |  0.9
Armour         | |  1.7
Dodging        | |  1.7

Action                     |  1- 3 |  4- 6 || total
---------------------------+-------+-------++-------
  Melee: Spear             |    48 |    45 ||    93
         Dagger            |     6 |       ||     6
         Tailslap          |       |    12 ||    12
         Hand axe          |       |    45 ||    45
 Invoke: Berserk           |     1 |     4 ||     5
   Stab: Sleeping          |     4 |     6 ||    10
         Distracted        |       |     2 ||     2
 Armour: Animal skin       |     8 |    44 ||    52
  Dodge: Dodged            |    19 |    63 ||    82

Table legend: (Time is in decaauts)
 A = Elapsed time spent in this place.
 B = Non-inter-level travel time spent in this place.
 C = Inter-level travel time spent in this place.
 D = Time resting spent in this place.
 E = Time spent auto-exploring this place.
 F = Levels seen in this place.
 G = Mean time per level.
                   A        B        C        D        E       F      G
               +--------+--------+--------+--------+--------+-----+--------+
         Total |   2112 |   2018 |     94 |    302 |   1372 |   3 |  704.0 |
       Dungeon |   2112 |   2018 |     94 |    302 |   1372 |   3 |  704.0 |
               +--------+--------+--------+--------+--------+-----+--------+

Top non-repeatable levels by time:
     D:2: 962 daAuts
     D:1: 763 daAuts
     D:3: 386 daAuts
